 Dungeon Crawl Stone Soup version 0.19.1 (webtiles) character file.

11475 evildog the Impaler (level 11, -11/135 HPs)
             Began as a Merfolk Gladiator on Dec 22, 2016.
             Mangled by tognito's ghost (14 damage)
             ... on level 11 of the Dungeon.
             The game lasted 00:31:53 (13192 turns).

evildog the Impaler (Merfolk Gladiator)            Turns: 13192, Time: 00:31:54

Health: -11/135    AC: 29    Str: 16    XL:     11   Next: 78%
Magic:  11/11      EV:  2    Int:  7    God:
Gold:   230        SH:  0    Dex: 18    Spells: 0 memorised, 10 levels left

rFire  + . .     SeeInvis .     o - +0 halberd
rCold  . . .     Gourm    .     (armour currently unavailable)
rNeg   + + +     Faith    .     (shield currently unavailable)
rPois  +         Spirit   .     (helmet currently unavailable)
rElec  .         Reflect  .     (cloak currently unavailable)
rCorr  .         Harm     .     (gloves currently unavailable)
MR     .....     NoTele   +     (boots currently unavailable)
Stlth  ++........               w - amulet of regeneration
                                i - ring of protection from fire
                                n - +4 ring of protection

@: tree-form
A: (change form in water), (swift swim), (stealthy swim), (horns 0), blurry
vision 1, (sturdy frame 0)
a: no special abilities


You were on level 11 of the Dungeon.
You were near starving.
You were a tree.
You visited 2 branches of the dungeon, and saw 12 of its levels.
You also visited: Bailey.

You collected 817 gold pieces.
You spent 587 gold pieces at shops.

Inventory:

Hand Weapons
 o - a +0 halberd (weapon)
Missiles
 d - 4 throwing nets (quivered)
Armour
 b - a +2 cloak (melded)
 e - a +2 helmet of see invisible
 m - the +7 chain mail "Beyliej" {-Tele rN++ MR+ rCorr}
   (You found it in a bailey)

   It greatly protects you from negative energy.
   It affects your resistance to hostile enchantments.
   It prevents most forms of teleportation.
   It protects you from acid and corrosion.
 u - a +3 leather armour of magic resistance (melded)
 x - a +2 pair of gloves (melded)
 H - a +2 leather armour of poison resistance
Jewellery
 i - a ring of protection from fire (right branch)
 n - a +4 ring of protection (left branch)
 w - an amulet of regeneration (around neck)
Wands
 v - a wand of digging (24/24)
 A - a wand of lightning (10/15)
Scrolls
 h - 4 scrolls of remove curse
 k - 2 scrolls of amnesia
 p - 2 scrolls of blinking
 q - 3 scrolls of enchant weapon
 z - a scroll of enchant armour
 B - 2 scrolls of identify
 C - 3 scrolls of fog
 E - a scroll of fear
 G - a scroll of recharging
Potions
 a - a potion of curing
 j - 2 potions of heal wounds
 l - 2 potions of flight
Miscellaneous
 g - a phantom mirror
Comestibles
 f - 15 bread rations
 r - 6 meat rations
 s - a royal jelly
 t - 7 beef jerkies


   Skills:
 * Level 9.8 Fighting
 * Level 17.1 Polearms
 - Level 2.0 Throwing
 + Level 4.2 Armour
 * Level 11.4 Dodging


You had 10 spell levels left.
You didn't know any spells.

Dungeon Overview and Level Annotations

Branches:
Dungeon (11/15)            Temple (1/1) D:4            Lair (0/6) D:8
    Orc: D:9-12

Altars:
Ashenzari
Cheibriados
Dithmenos
Elyvilon
Fedhas
Gozag
Kikubaaqudgha
Makhleb
Nemelex Xobeh
Okawaru
Qazlal
Ru
Sif Muna
Trog
Vehumet
Xom
Yredelemnul
Zin
The Shining One

Shops:
D:4 (   D:9 (   D:11 *!

Portals:
Trove: D:11 (give 2 potions of cure mutation)

Annotations:
D:11 tognito's ghost, journeyman MiBe


Innate Abilities, Weirdness & Mutations

((You revert to your normal form in water.))
((You are very nimble and swift while swimming.))
((You are very stealthy in the water. (Stealth+)))
((You have a pair of small horns on your head.))
Scrolls take you a little longer to read.
((Your movements are slightly less encumbered by armour. (ER -2)))


Message History

* * * LOW HITPOINT WARNING * * *
You hit tognito's ghost but do no damage.
Tognito's ghost is moderately damaged.
You hit tognito's ghost but do no damage.
Tognito's ghost is moderately damaged.
Tognito's ghost hits you but does no damage.
You closely miss tognito's ghost.
Tognito's ghost is moderately damaged.
Tognito's ghost hits you but does no damage.
You barely miss tognito's ghost.
Tognito's ghost is moderately damaged.
Tognito's ghost hits you!
* * * LOW HITPOINT WARNING * * *
You slash tognito's ghost!
Tognito's ghost is moderately damaged.
You slash tognito's ghost!
Tognito's ghost is moderately damaged.
Tognito's ghost hits you but does no damage.
You are electrocuted!
You die...

..#######.# #.# .....
#.# #.# ..### #.# #.#
### #.### #.#
#...#.#######.#
###.#.........#
##.#####<#####
#.####...####.###
≈≈≈≈........♣W..##
###§##...######..#
##.## ##[#
##.########W##
##......§.§...#
#......DD......#
..).......#..§......#
.)..../.§§§≈≈≈≈§#...#
.####...§§≈≈≈≈≈§§#...#


You could see tognito's ghost.

Vanquished Creatures
  Fannar (D:10)
  An ice dragon (D:9)
  A hill giant (D:10)
  An ugly thing (D:10)
  An orc knight (Bailey)
  Maurice (D:10)
  Psyche (D:8)
  Joseph (D:10)
  The ghost of bollicks1999 the Cudgeler, a novice GrFi (D:4)
  A komodo dragon (D:8)
  2 trolls
  The ghost of dondy the Pure, an amateur DsAK of Lugonu (D:5)
  2 hungry ghosts
  A steam dragon (D:11)
  An insubstantial wisp (D:11)
  10 orc warriors
  3 sky beasts
  A phantom (D:6)
  A black bear (D:6)
  3 necrophages
  2 ice beasts (D:9)
  6 ogres
  3 wolves (D:8)
  2 centaurs
  A crocodile (D:10)
  Blork the orc (D:6)
  6 bullfrogs
  2 big kobolds (D:9)
  A wyvern skeleton (D:10)
  2 scorpions (D:4)
  10 killer bees (D:10)
  9 wights (D:8)
  An electric eel (D:8)
  4 howler monkeys
  7 crimson imps
  2 bullfrog zombies
  A quasit (D:11)
  10 hounds
  14 orc wizards
  A bullfrog skeleton (D:8)
  A gnoll shaman (D:8)
  A centaur skeleton (D:5)
  3 orc priests
  2 jellies (D:7)
  4 iguanas
  5 worker ants
  2 hound zombies (D:5)
  2 worker ant zombies
  A howler monkey skeleton (D:5)
  3 adders
  17 gnolls
  3 shadow imps
  An adder zombie (D:6)
  An ooze (D:4)
  An adder skeleton (D:6)
  6 worms
  5 leopard geckos
  34 orcs
  6 bats
  5 giant cockroaches
  14 goblins
  4 hobgoblins
  15 jackals
  3 quokkas
  2 frilled lizards (D:3)
  A giant cockroach zombie (D:6)
  33 kobolds
  A leopard gecko skeleton (D:7)
  A leopard gecko zombie (D:5)
  A quokka zombie (D:5)
  8 rats
306 creatures vanquished.

Notes
Turn   | Place    | Note
-------+----------+-------------------------------------------
     0 | D:1      | evildog the Merfolk Gladiator began the quest for the Orb.
     0 | D:1      | Reached XP level 1. HP: 16/16 MP: 1/1
    62 | D:1      | Reached XP level 2. HP: 15/22 MP: 2/2
   314 | D:1      | Reached skill level 5 in Polearms
   728 | D:2      | Reached XP level 3. HP: 27/27 MP: 3/3
   998 | D:2      | Reached skill level 6 in Polearms
   998 | D:2      | Reached skill level 5 in Dodging
  1000 | D:2      | Reached XP level 4. HP: 5/33 MP: 4/4
  1864 | D:3      | Reached XP level 5. HP: 21/38 MP: 5/5
  2182 | D:3      | Reached skill level 7 in Polearms
  2447 | D:3      | Reached XP level 6. HP: 44/44 MP: 6/6
  2552 | D:4      | Found a staircase to the Ecumenical Temple.
  2577 | Temple   | Entered the Ecumenical Temple
  2800 | D:4      | Reached skill level 8 in Polearms
  2833 | D:4      | Reached XP level 7. HP: 46/50 MP: 7/7
  2836 | D:4      | Noticed bollicks1999's ghost (novice GrFi)
  2877 | D:4      | Killed bollicks1999's ghost
  2877 | D:4      | Reached skill level 9 in Polearms
  3076 | D:4      | Found Ifui's Antique Weapon Shoppe.
  3398 | D:5      | Entered Level 5 of the Dungeon
  3532 | D:5      | Noticed dondy's ghost (amateur DsAK)
  3740 | D:5      | Reached skill level 10 in Polearms
  3740 | D:5      | Reached XP level 8. HP: 38/56 MP: 8/8
  4480 | D:5      | Gained mutation: You have a pair of small horns on your head. [potion of mutation]
  4480 | D:5      | Gained mutation: Scrolls take you a little longer to read. [potion of mutation]
  4480 | D:5      | Gained mutation: Your movements are slightly less encumbered by armour. (ER -2) [potion of mutation]
  4509 | D:5      | Killed dondy's ghost
  4509 | D:5      | Reached skill level 11 in Polearms
  4922 | D:5      | Reached skill level 12 in Polearms
  5161 | D:5      | HP: 2/56 [orc warrior/dire flail (18)]
  5674 | D:5      | Reached XP level 9. HP: 59/61 MP: 9/9
  5684 | D:5      | Reached skill level 13 in Polearms
  5849 | D:6      | Noticed Blork the orc
  5873 | D:6      | Killed Blork the orc
  6027 | D:6      | Found a shadowy altar of Dithmenos.
  6110 | D:6      | Reached skill level 14 in Polearms
  6558 | D:6      | Reached skill level 15 in Polearms
  7455 | D:7      | Reached skill level 1 in Armour
  8021 | D:8      | Reached XP level 10. HP: 70/73 MP: 10/10
  8054 | D:8      | Found an opulent altar of Gozag.
  8083 | D:8      | Noticed Psyche
  8103 | D:8      | Killed Psyche
  8103 | D:8      | Reached skill level 5 in Fighting
  8145 | D:8      | Found a flagged portal.
  8163 | Bailey   | Entered a bailey
  8273 | Bailey   | Noticed an orc knight
  8411 | Bailey   | Killed an orc knight
  8487 | Bailey   | Got a warped chain mail
  8489 | Bailey   | Got a bloodstained robe
  8517 | Bailey   | Identified the +7 chain mail "Beyliej" {-Tele rN++ MR+ rCorr} (You found it in a bailey)
  8527 | Bailey   | Identified the +1 robe of the Harvest {rN+ MP+9} (You found it in a bailey)
  8899 | D:8      | Reached skill level 16 in Polearms
  9203 | D:8      | Found a staircase to the Lair.
  9954 | D:9      | Reached XP level 11. HP: 72/86 MP: 11/11
  9963 | D:9      | Reached skill level 10 in Dodging
 10103 | D:9      | Found Omedauci's Antique Weapon Emporium.
 10560 | D:9      | Noticed an ice dragon
 10583 | D:9      | Killed an ice dragon
 10939 | D:10     | Entered Level 10 of the Dungeon
 10951 | D:10     | Noticed a purple ugly thing
 10974 | D:10     | Killed a purple ugly thing
 11227 | D:10     | Noticed Maurice
 11247 | D:10     | Killed Maurice
 11279 | D:10     | Noticed Joseph
 11299 | D:10     | Killed Joseph
 11456 | D:10     | Noticed Fannar
 12387 | D:10     | Noticed a hill giant
 12396 | D:10     | Killed a hill giant
 12461 | D:10     | Killed Fannar
 12461 | D:10     | Reached skill level 17 in Polearms
 12736 | D:11     | Noticed tognito's ghost (journeyman MiBe)
 12806 | D:11     | Found Ether's Assorted Antiques.
 12812 | D:11     | Bought a potion of lignification for 75 gold pieces
 12812 | D:11     | Bought a lumpy soapstone amulet for 125 gold pieces
 12812 | D:11     | Bought a scroll of remove curse for 75 gold pieces
 12812 | D:11     | Bought a potion of heal wounds for 125 gold pieces
 12812 | D:11     | Bought a scroll of blinking for 187 gold pieces
 12936 | D:11     | Found Varoejuk's Distillery.
 13002 | D:11     | Found a portal to a secret trove of treasure.
 13190 | D:11     | HP: 2/135 [tognito's ghost (9)]
 13192 | D:11     | Mangled by tognito's ghost

Skill      XL: |  1  2  3  4  5  6  7  8  9 10 11 |
---------------+----------------------------------+-----
Polearms       | 5 6 7 8 10 12 15 16 17 | 17.1
Dodging        | 5 6 7 9 11 | 11.4
Fighting       | 4 8 9 |  9.8
Armour         | 1 3 4 |  4.2
Throwing       | |  2.0

Action                   |  1- 3 |  4- 6 |  7- 9 | 10-12 || total
-------------------------+-------+-------+-------+-------++-------
Melee: Trident           |    92 |   194 |   577 |   342 ||  1205
       Headbutt          |       |       |    85 |   117 ||   202
       Unarmed           |       |       |    11 |       ||    11
       Halberd           |       |       |       |   466 ||   466
       Tailslap          |       |       |       |     3 ||     3
Throw: Throwing net      |       |     1 |       |     5 ||     6
  Use: Potion            |     1 |     2 |     8 |     7 ||    18
       Scroll            |       |     1 |     4 |    12 ||    17
 Stab: Sleeping          |       |     2 |     2 |     2 ||     6
       Invisible         |       |       |     3 |       ||     3
       Distracted        |       |       |       |     1 ||     1
  Eat: Chunk             |       |     6 |    11 |    11 ||    28
       Fruit             |       |       |     6 |     4 ||    10
       Beef jerky        |       |       |     1 |       ||     1
       Royal jelly       |       |       |       |     1 ||     1
       Pizza             |       |       |       |     1 ||     1
Armor: Leather armour    |    23 |    34 |    61 |   105 ||   223
       Skin              |       |     2 |    22 |    37 ||    61
Dodge: Dodged            |    49 |   104 |   332 |   420 ||   905
